 Dungeon Crawl Stone Soup version 0.21-a0-78-g82a99e0 (webtiles) character file.

263048 Duffy the Eclecticist (level 20, 119/119 HPs)
             Began as a Gargoyle Earth Elementalist on June 21, 2017.
             Was the Champion of Vehumet.
             Quit the game on level 13 of the Dungeon on June 22, 2017.
             The game lasted 01:47:14 (59376 turns).

Duffy the Eclecticist (GrEE)                       Turns: 59376, Time: 01:47:15

Health: 119/119    AC: 33    Str: 13    XL:     20   Next: 41%
Magic:  62/62      EV: 20    Int: 31    God:    Vehumet [******]
Gold:   3637       SH:  6    Dex: 19    Spells: 9/59 levels left

rFire    + + .     SeeInvis .   v - staff of conjuration {!a}
rCold    . . .     Gourm    .   b - +0 buckler
rNeg     + . .     Faith    .   Y - +2 robe of Duty {rF+ Dex+4}
rPois    ∞         Spirit   .   X - +2 helmet {Int+3}
rElec    +         Reflect  .   K - +2 cloak of Oblivion {rPois rF+ Dex+5}
rCorr    .         Harm     .   J - +2 pair of gloves
MR       +....                  M - +2 pair of boots
Stlth    ++........             i - amulet of magic regeneration
HPRegen  0.29/turn              L - ring of magical power
MPRegen  0.63/turn              f - ring of magical power

@: flying
A: big wings, yellow scales 1, clever 2, negative energy resistance 1, screaming
1, electricity resistance, unbreathing, petrification resistance, rot immunity,
AC +15
}: 1/15 runes: decaying
a: Stop Flying, Renounce Religion


You were on level 13 of the Dungeon.
You worshipped Vehumet.
Vehumet was exalted by your worship.
You were full.

You visited 7 branches of the dungeon, and saw 34 of its levels.
You visited the Abyss 1 time.
You also visited: Ossuary.

You collected 4332 gold pieces.
You spent 695 gold pieces at shops.

Inventory:

Missiles
 p - 587 stones (quivered)
 D - a throwing net
Armour
 b - a +0 buckler (worn)
 J - a +2 pair of gloves (worn)
 K - the +2 cloak of Oblivion (worn) {rPois rF+ Dex+5}
   (You found it on level 6 of the Lair of Beasts)

   It affects your dexterity (+5).
   It protects you from fire.
   It protects you from poison.
 M - a +2 pair of boots (worn)
 X - a +2 helmet of intelligence (worn)
 Y - the +2 robe of Duty (worn) {rF+ Dex+4}
   (You bought it in a shop on level 2 of the Orcish Mines)

   It affects your dexterity (+4).
   It protects you from fire.
Magical Staves
 a - an uncursed staff of earth {!a}
 o - an uncursed staff of power {!a}
 v - an uncursed staff of conjuration (weapon) {!a}
 W - an uncursed staff of wizardry {!a}
Jewellery
 c - an uncursed ring of resist corrosion
 f - a ring of magical power (right hand)
 i - an amulet of magic regeneration (around neck)
 G - an uncursed ring of protection from magic
 L - a ring of magical power (left hand)
 O - a +3 ring of intelligence
 R - an uncursed ring of protection from cold
 U - an uncursed amulet of the gourmand
Wands
 j - a wand of lightning (8/15)
 z - a wand of iceblast (6/15)
 T - a wand of digging (16/24)
Scrolls
 e - 2 scrolls of blinking
 k - 6 scrolls of fog
 l - 11 scrolls of remove curse
 n - 2 scrolls of immolation
 q - 7 scrolls of recharging
 t - 7 scrolls of magic mapping
 w - 7 scrolls of teleportation
 x - 11 scrolls of fear
 y - a scroll of amnesia
 E - 5 scrolls of enchant armour
 N - 3 scrolls of summoning
 P - a scroll of torment
Potions
 m - 12 potions of curing
 r - 3 potions of agility
 s - 4 potions of magic
 u - 12 potions of heal wounds
 C - 9 potions of brilliance
 F - a potion of cancellation
 H - 2 potions of mutation
 I - 5 potions of haste
 V - 5 potions of resistance
Comestibles
 d - 18 bread rations
 g - 30 fruits
 h - 18 royal jellies
 B - 9 meat rations


   Skills:
 - Level 10.8 Fighting
 - Level 10.0 Dodging
 - Level 2.1 Stealth
 - Level 5.0 Shields
 - Level 20.0 Spellcasting
 - Level 13.5 Conjurations
 - Level 4.0 Charms
 - Level 4.0 Necromancy
 - Level 3.8 Translocations
 - Level 1.5 Transmutations
 - Level 8.0 Fire Magic
 + Level 19.1 Earth Magic


You had 9 spell levels left.
You knew the following spells:

 Your Spells              Type           Power        Failure   Level  Hunger
a - Sandblast             Erth           ######       0%          1    None
c - Stone Arrow           Conj/Erth      ######       0%          3    None
g - Shatter               Erth           #######...   9%          9    ######.
j - Fireball              Conj/Fire      #######...   1%          5    None
k - Lee's Rapid Deconstr  Erth           #######...   0%          5    None
l - Iron Shot             Conj/Erth      ########..   1%          6    None
n - Conjure Flame         Conj/Fire      #######.     1%          3    None
p - Lehudib's Crystal Sp  Conj/Erth      ########..   2%          8    #####..
t - Summon Butterflies    Summ           ####....     1%          1    None
u - Petrify               Tmut/Erth      #######.     1%          4    None
y - Regeneration          Chrm/Necr      ######....   1%          3    None
B - Blink                 Tloc           N/A          1%          2    None


Dungeon Overview and Level Annotations

Branches:
Dungeon (15/15)            Temple (1/1) D:7            Lair (6/6) D:11
  Swamp (4/4) Lair:4        Snake (3/4) Lair:3        Slime (0/5) Lair:5
    Orc (2/2) D:9             Elf (3/3) Orc:2        Vaults (0/5) D:13
 Depths (0/5) D:15

Altars:
Ashenzari
Cheibriados
Dithmenos
Elyvilon
Fedhas
Gozag
Hepliaklqana
Kikubaaqudgha
Makhleb
Nemelex Xobeh
Okawaru
Qazlal
Ru
Sif Muna
Trog
Uskayaw
Vehumet
Wu Jian
Xom
Yredelemnul
Zin
The Shining One

Shops:
D:13 :   Orc:2 *:[(   Elf:1 *   Elf:2 !   Elf:3 !   Snake:1 [

Annotations:
Elf:2 3 runed doors, exclusion: 3 doors


Innate Abilities, Weirdness & Mutations

You are resistant to torment.
Your stone body is resilient. (AC +15)
You are immune to poison.
Your large and strong wings let you fly indefinitely.
You resist negative energy. (rN+)
You are resistant to electric shocks. (rElec)
You can survive without breathing.
You are immune to petrification.
You are immune to rotting.
You are partially covered in yellow scales. (AC +2)
Your mind is very acute. (Int +4)
You occasionally shout uncontrollably at your foes.


Message History

As you read the scroll of amnesia, it crumbles to dust.
Your memory of Bolt of Fire unravels.
You can't go down here!
Okay, then.
Unknown command.
Unknown command.
Unknown command.
Unknown command.
There is a gate to the Vaults here.
Unknown command.
Unknown command.
You see here a scale mail.
Okay, then.
Search for what [Enter for "robe", or ? for help]? bolt of fi Can't find anything matching that.
Unknown command.
Unknown command.
Okay, then.
Unknown command.
Are you sure you want to abandon this character and quit the game? (Confirm with "yes".)

.#........#.............######...
.#........#............)#....#...
.##########.............#....#...
........................#....'...
...........##########...#....#.##
...........#........#...#....#.#.
##########.#..#####.#...#....#.#.
...........#..#[.)#.#...#....#.#.
..........)#..#\@['.#...#....#.#.
###....###.#..#######...#....#.#.
#....#...#............######.##
#....#...#####...##............
#....+.........................
#....#...#.....####+#.#######..
#....#...+..........#.#.....#..
###....#####..........#.#.....#..
.................#....#.#.....#..


There were no monsters in sight!

Vanquished Creatures
  Bai Suzhen (Swamp:3)
  A bone dragon (Swamp:4)
  2 liches (Abyss:3)
  2 deep elf blademasters (Elf:3)
  4 deep elf master archers (Elf:3)
  Kirke (Lair:5)
  Roxanne (Swamp:4)
  3 thorn hunters
  A tentacled starspawn (Abyss:3)
  2 nagarajas
  A tengu reaver (D:11)
  A fire giant (D:11)
  8 deep elf sorcerers (Elf:3)
  Aizul (Snake:2)
  An iron dragon (D:11)
  An orc warlord (Orc:2)
  A deep elf elementalist (Elf:3)
  A war gargoyle (D:11)
  Nessos (Orc:2)
  5 deep elf demonologists
  5 deep elf annihilators
  7 deep elf death magi (Elf:3)
  A dire elephant (Lair:6)
  A blizzard demon (Abyss:3)
  A yaktaur captain (D:11)
  Josephine (Lair:6)
  6 deep elf high priests (Elf:3)
  3 fire dragons
  An ice dragon (Abyss:3)
  9 naga warriors
  4 ghost crabs
  20 hydras
  A catoblepas (Lair:6)
  7 anacondas
  3 alligators
  5 two-headed ogres
  19 dancing weapons
  2 tengu warriors
  4 centaur warriors
  2 naga sharpshooters (Snake:2)
  5 shock serpents
  A vampire mage (D:15)
  3 orc high priests (Orc:2)
  18 deep elf knights
  A fire crab (shapeshifter) (Elf:3)
  A storm dragon zombie (D:15)
  7 skeletal warriors
  2 salamander mystics (Snake:2)
  A sixfirhy (Abyss:3)
  A shadow wraith (D:13)
  3 spriggan druids
  A glowing orange brain (Abyss:3)
  2 sea snakes (Snake:3)
  2 swamp dragons
  A death drake (Abyss:3)
  9 naga ritualists
  2 spectral hydras (Swamp:4)
  15 deep elf archers
  3 lindwurms
  A wolf spider zombie (D:15)
  A shambling mangrove (Swamp:1)
  2 orc knights
  An orange crystal statue (Elf:1)
  2 phantasmal warriors
  An orb spider (Abyss:3)
  A necromancer (D:15)
  2 wolf spiders (Lair:6)
  10 mana vipers
  6 orc sorcerers (Orc:2)
  22 ugly things
  43 deep elf magi
  A wolf spider (shapeshifter) (D:13)
  7 salamanders
  6 manticores
  A faun (shapeshifter) (Elf:3)
  2 oklob plants (Lair:2)
  A worldbinder (Abyss:3)
  4 cyclopes
  6 elephants (Lair:6)
  3 guardian serpents
  8 naga magi
  38 black mambas
  2 smoke demons (Abyss:3)
  32 spiny frogs
  2 gargoyles (D:11)
  A kobold demonologist (D:15)
  3 swamp worm zombies (Swamp:4)
  A freezing wraith (D:11)
  5 rime drakes
  4 komodo dragons
  2 tengu conjurers
  2 hydra zombies (Swamp:4)
  A queen bee (Lair:5)
  2 polar bears
  3 meliai (Lair:5)
  10 trolls
  Grinder (D:4)
  7 tyrant leeches
  A harpy skeleton (D:15)
  12 slime creatures
  15 hornets
  15 blink frogs
  3 spectral swamp dragons (Swamp:4)
  3 alligator zombies (Swamp:4)
  13 bog bodies
  A dream sheep (D:12)
  13 hippogriffs
  An ice dragon zombie (D:15)
  A large abomination (Abyss:3)
  9 redbacks
  4 shadows
  4 air elementals
  A ynoxinul (Abyss:3)
  2 water elementals
  5 spriggans (Swamp:2)
  6 wraiths
  A vampire (D:14)
  A hog (Lair:5)
  10 wyverns
  A fire bat (Abyss:3)
  2 basilisks (Lair:6)
  14 yaks
  3 fire elementals (Elf:1)
  16 vampire mosquitoes
  A neqoxec (Abyss:3)
  A chaos spawn (Abyss:3)
  5 hungry ghosts
  3 wargs (Orc:1)
  24 swamp worms
  A swamp worm (shapeshifter) (D:11)
  16 nagas
  25 insubstantial wisps
  3 steam dragons
  A soldier ant (D:10)
  2 acid dragons (D:11)
  2 hell hounds (D:11)
  22 water moccasins
  10 porcupines
  9 swamp drakes
  34 orc warriors
  An ice beast (D:5)
  9 phantoms
  A hornet zombie (D:11)
  5 sky beasts
  5 swamp dragon zombies (Swamp:4)
  2 black bears
  11 ogres
  10 centaurs
  7 wolves
  15 crocodiles
  3 elf zombies
  24 bullfrogs
  9 big kobolds
  3 gnoll sergeants
  2 earth elementals (Elf:3)
  7 scorpions
  27 killer bees
  9 wights
  5 electric eels
  5 howler monkeys
  8 crimson imps
  6 starcursed masses (Abyss:3)
  3 centaur zombies
  A bullfrog zombie (D:12)
  6 hounds
  5 jellies
  10 orc priests
  19 orc wizards
  3 bullfrog skeletons
  Jessica (D:3)
  6 iguanas
  2 spectral swamp drakes (Swamp:4)
  12 worker ants
  A hound zombie (D:9)
  A hound skeleton (D:5)
  3 mummies (Ossuary)
  A worker ant zombie (D:5)
  A howler monkey zombie (D:8)
  7 gnolls
  A howler monkey skeleton (D:11)
  9 adders
  A swamp drake zombie (Swamp:4)
  7 shadow imps
  A white imp (Abyss:3)
  2 oozes (D:1)
  5 adder zombies (Ossuary)
  3 worms
  A dart slug (D:3)
  6 leopard geckos
  61 orcs
  2 ball pythons
  14 bats
  6 giant cockroaches
  8 goblins
  8 hobgoblins
  3 jackals
  6 quokkas
  6 frilled lizards
  2 goblin zombies (Ossuary)
  6 hobgoblin zombies (Ossuary)
  A jackal skeleton (D:7)
  28 kobolds
  2 kobold zombies (Ossuary)
  An orc zombie (Ossuary)
  A quokka skeleton (D:3)
  A quokka zombie (D:9)
  6 rats
  A rat zombie (Ossuary)
  A bush (D:14)
  A fungus (Orc:2)
  A plant (Snake:3)
  A withered plant (D:15)
1241 creatures vanquished.

Vanquished Creatures (others)
  4 dream sheep (D:12)
  4 humans (Lair:5)
  26 fungi
  56 plants
  4 starspawn tentacles (Abyss:3)
94 creatures vanquished.

Grand Total: 1335 creatures vanquished

Notes
Turn   | Place    | Note
-------+----------+-------------------------------------------
     0 | D:1      | Duffy the Gargoyle Earth Elementalist began the quest for the Orb.
     0 | D:1      | Reached XP level 1. HP: 10/10 MP: 3/3
    95 | D:1      | Reached XP level 2. HP: 15/15 MP: 1/5
   535 | D:1      | Reached XP level 3. HP: 19/19 MP: 4/6
  1338 | D:2      | Found a sparkling altar of Nemelex Xobeh.
  1438 | D:2      | Learned a level 3 spell: Stone Arrow
  1792 | D:2      | Reached skill level 3 in Spellcasting
  2008 | D:2      | Reached XP level 4. HP: 24/24 MP: 6/8
  2296 | D:2      | Reached skill level 5 in Earth Magic
  2612 | D:3      | Reached skill level 1 in Conjurations
  2640 | D:3      | Noticed Jessica
  2641 | D:3      | Killed Jessica
  2653 | D:3      | Reached XP level 5. HP: 28/28 MP: 4/9
  3286 | D:3      | You fall through a shaft for 2 floors!
  3286 | D:5      | Entered Level 5 of the Dungeon
  3448 | D:4      | Found an ornate altar of the Wu Jian Council.
  3604 | D:5      | Noticed an ice beast
  3696 | D:5      | Killed an ice beast
  3696 | D:5      | Reached XP level 6. HP: 21/32 MP: 0/10
  3803 | D:5      | Learned a level 5 spell: Lee's Rapid Deconstruction
  4143 | D:4      | Noticed Grinder
  4335 | D:4      | Paralysed by Grinder for 2 turns
  4339 | D:4      | Killed Grinder
  4339 | D:4      | Reached XP level 7. HP: 29/36 MP: 1/11
  5040 | D:4      | Reached skill level 5 in Conjurations
  5698 | D:4      | Found a basalt altar of Yredelemnul.
  5698 | D:4      | Found an ancient bone altar of Kikubaaqudgha.
  5699 | D:4      | Found a radiant altar of Vehumet.
  5706 | D:4      | Became a worshipper of Vehumet
  6586 | D:5      | Reached skill level 4 in Spellcasting
  6586 | D:5      | Reached XP level 8. HP: 41/41 MP: 6/14
  7313 | D:6      | Reached skill level 5 in Spellcasting
  7519 | D:6      | Learned a level 4 spell: Petrify
  7993 | D:6      | Reached skill level 10 in Earth Magic
  8058 | D:6      | Gained mutation: Your mind is acute. (Int +2) [mutagenic meat]
  8059 | D:6      | Gained mutation: You are partially covered in yellow scales. (AC +2) [mutagenic meat]
  8060 | D:6      | Gained mutation: Your mind is very acute. (Int +4) [mutagenic meat]
  8374 | D:6      | Reached skill level 1 in Fighting
  8374 | D:6      | Reached XP level 9. HP: 47/47 MP: 10/17
  8591 | D:7      | Noticed a hornet
  8619 | D:7      | Found an iron altar of Okawaru.
  8646 | D:6      | Reached * piety under Vehumet
  8646 | D:6      | Offered knowledge of Freeze by Vehumet.
  8696 | D:7      | Killed a hornet
  8824 | D:7      | Found a shimmering altar of Xom.
  8906 | D:7      | Found a sacrificial altar of Ru.
  9155 | D:7      | Reached skill level 5 in Fighting
  9222 | D:7      | Found an ornate altar of the Wu Jian Council.
  9400 | D:7      | Found a sparkling altar of Nemelex Xobeh.
  9400 | D:7      | Found a basalt altar of Yredelemnul.
  9400 | D:7      | Found a blossoming altar of Fedhas.
  9400 | D:7      | Found an iron altar of Okawaru.
  9402 | D:7      | Found a snail-covered altar of Cheibriados.
  9402 | D:7      | Found a radiant altar of Vehumet.
  9403 | D:7      | Found a radiant altar of Vehumet.
  9403 | D:7      | Found a hazy altar of Hepliaklqana.
  9404 | D:7      | Found a sparkling altar of Nemelex Xobeh.
  9404 | D:7      | Found a basalt altar of Yredelemnul.
  9412 | D:7      | Found a staircase to the Ecumenical Temple.
  9423 | Temple   | Entered the Ecumenical Temple
  9758 | D:8      | Noticed a cyclops
  9848 | D:8      | Noticed a manticore
  9879 | D:8      | Found a sand-covered staircase.
  9890 | Ossuary  | Entered an ossuary
 10507 | D:8      | Offered knowledge of Flame Tongue by Vehumet.
 10625 | D:8      | Reached ** piety under Vehumet
 11247 | D:8      | Reached XP level 10. HP: 60/66 MP: 10/18
 11433 | D:9      | Learned a level 2 spell: Blink
 11437 | D:9      | Learned a level 3 spell: Conjure Flame
 11456 | D:9      | Reached skill level 1 in Transmutations
 11456 | D:9      | Reached skill level 1 in Fire Magic
 11844 | D:9      | Reached skill level 6 in Spellcasting
 12363 | D:9      | Found a blossoming altar of Fedhas.
 12444 | D:9      | Found a staircase to the Orcish Mines.
 12446 | D:9      | Offered knowledge of Searing Ray by Vehumet.
 13243 | D:9      | Reached skill level 7 in Spellcasting
 13413 | D:10     | Entered Level 10 of the Dungeon
 13480 | D:10     | Reached *** piety under Vehumet
 14117 | D:10     | Offered knowledge of Static Discharge by Vehumet.
 14117 | D:10     | Reached XP level 11. HP: 70/71 MP: 17/22
 14963 | D:11     | Found a staircase to the Lair.
 15357 | D:11     | Reached skill level 8 in Spellcasting
 15680 | D:11     | Got an encrusted flail {elec}
 15681 | D:11     | Identified the +11 flail of Crusades {elec, Dex+2} (You took it off a crimson imp on level 11 of the Dungeon)
 15709 | D:11     | Reached **** piety under Vehumet
 15855 | D:11     | Offered knowledge of Throw Icicle by Vehumet.
 16005 | D:11     | Noticed a two-headed ogre
 16019 | D:11     | Killed a two-headed ogre
 16475 | D:11     | Noticed a fire dragon
 16699 | D:11     | Noticed a white ugly thing
 17077 | D:11     | Killed a white ugly thing
 17268 | Lair:1   | Entered Level 1 of the Lair of Beasts
 17340 | Lair:1   | Reached skill level 9 in Spellcasting
 18501 | Lair:2   | Reached XP level 12. HP: 76/76 MP: 21/25
 18938 | Lair:2   | Learned a level 6 spell: Iron Shot
 19153 | Lair:2   | Reached skill level 10 in Spellcasting
 19942 | Lair:3   | Found a staircase to the Snake Pit.
 21142 | Lair:4   | Found a staircase to the Swamp.
 21415 | Lair:4   | You fall through a shaft for 2 floors!
 21415 | Lair:6   | Entered Level 6 of the Lair of Beasts
 21504 | Lair:6   | Reached skill level 10 in Fighting
 21512 | Lair:6   | Reached ***** piety under Vehumet
 21512 | Lair:6   | Offered knowledge of Bolt of Fire by Vehumet.
 21862 | Lair:6   | Reached skill level 1 in Translocations
 22023 | Lair:6   | Learned a level 6 spell: Bolt of Fire
 22027 | Lair:6   | Reached XP level 13. HP: 84/84 MP: 27/27
 22327 | Lair:6   | Learned a level 1 spell: Summon Butterflies
 22453 | Lair:6   | Noticed Josephine
 22476 | Lair:6   | Killed Josephine
 22620 | Lair:6   | Reached skill level 15 in Earth Magic
 22682 | Lair:6   | Reached skill level 11 in Spellcasting
 23484 | Lair:5   | Found a shattered altar of Ashenzari.
 23547 | Lair:5   | Noticed a fire dragon
 23553 | Lair:5   | Killed a fire dragon
 24810 | Lair:5   | Noticed Kirke
 24817 | Lair:5   | Reached skill level 10 in Conjurations
 24819 | Lair:5   | Killed Kirke
 24939 | Lair:5   | Found a staircase to the Slime Pits.
 25282 | Lair:5   | Offered knowledge of Force Lance by Vehumet.
 26147 | Lair:5   | Gained mutation: Your large and strong wings let you fly indefinitely. [Gargoyle growth]
 26147 | Lair:5   | Reached XP level 14. HP: 88/88 MP: 29/29
 26906 | Lair:6   | Reached skill level 5 in Fire Magic
 27195 | Lair:6   | Noticed a dire elephant
 27206 | Lair:6   | Killed a dire elephant
 27296 | Lair:6   | Got a bloodstained robe
 27298 | Lair:6   | Got an ichor-stained cloak
 27330 | Lair:5   | Identified the +2 cloak of Oblivion {rPois rF+ Dex+5} (You found it on level 6 of the Lair of Beasts)
 27340 | Lair:5   | Identified the +1 robe of the Lumpy Wars {rPois MR- rCorr} (You found it on level 6 of the Lair of Beasts)
 27683 | Lair:6   | Reached skill level 12 in Spellcasting
 29777 | D:11     | Noticed a tengu reaver
 29780 | D:11     | Killed a tengu reaver
 29877 | D:11     | Noticed an iron dragon
 29938 | D:11     | Killed an iron dragon
 30169 | D:11     | Noticed a fire giant
 30172 | D:11     | Killed a fire giant
 30172 | D:11     | Reached XP level 15. HP: 93/93 MP: 30/31
 30431 | D:11     | Offered knowledge of Yara's Violent Unravelling by Vehumet.
 32306 | D:12     | Got a ripped robe
 32317 | D:12     | Identified the +0 robe of Protective Custody {rPois rN+ Str+3 Stlth+} (You found it on level 12 of the Dungeon)
 32600 | D:12     | Reached skill level 5 in Dodging
 32995 | D:12     | Found a shimmering altar of Xom.
 33999 | D:13     | Found a shadowy altar of Dithmenos.
 34530 | D:13     | Found a gate to the Vaults.
 34585 | D:13     | Found Keuwuh's Book Emporium.
 34979 | Orc:1    | Entered Level 1 of the Orcish Mines
 35056 | Orc:1    | Offered knowledge of Fireball by Vehumet.
 35074 | Orc:1    | Learned a level 5 spell: Fireball
 35822 | Orc:2    | Entered Level 2 of the Orcish Mines
 35839 | Orc:2    | Noticed Nessos
 36080 | Orc:2    | Killed Nessos
 36311 | Orc:2    | Found Omaun's Antique Armour Shoppe.
 36501 | Orc:2    | Found Yssipoogoa's Book Emporium.
 36808 | Orc:2    | Noticed an orc warlord
 36812 | Orc:2    | Killed an orc warlord
 37231 | Orc:2    | Found Doas's Antique Weapon Shop.
 37509 | Orc:2    | Found Qoax's General Store.
 37514 | Orc:2    | Found a staircase to the Elven Halls.
 37887 | Orc:2    | Bought a glowing robe for 85 gold pieces
 37897 | Orc:2    | Bought a shadowed robe for 131 gold pieces
 37907 | Orc:2    | Identified the +2 robe of Duty {rF+ Dex+4} (You bought it in a shop on level 2 of the Orcish Mines)
 37926 | Orc:2    | Bought a +2 pair of boots for 214 gold pieces
 38313 | D:14     | Reached XP level 16. HP: 99/99 MP: 6/32
 38794 | D:14     | Reached skill level 10 in Dodging
 38985 | D:14     | Offered knowledge of Poison Arrow by Vehumet.
 39763 | D:15     | Entered Level 15 of the Dungeon
 39766 | D:15     | Reached skill level 13 in Spellcasting
 40452 | D:15     | Found a staircase to the Depths.
 40654 | D:15     | Reached skill level 1 in Shields
 41087 | D:15     | Learned a level 3 spell: Regeneration
 41685 | Elf:1    | Entered Level 1 of the Elven Halls
 41751 | Elf:1    | Found Lomi's General Store.
 42291 | Elf:1    | Reached skill level 14 in Spellcasting
 43439 | Elf:2    | Found Zysk's Distillery.
 43442 | Elf:2    | Bought a potion of heal wounds for 95 gold pieces
 43502 | Elf:2    | Offered knowledge of Bolt of Cold by Vehumet.
 43642 | Elf:2    | Reached XP level 17. HP: 104/104 MP: 27/35
 43643 | Elf:2    | Reached skill level 15 in Spellcasting
 43933 | Elf:2    | Found a runed gate.
 43934 | Elf:2    | Found a runed gate.
 44059 | Elf:2    | Found a runed gate.
 44092 | Elf:3    | Entered Level 3 of the Elven Halls
 44849 | Elf:3    | Reached skill level 16 in Spellcasting
 44891 | Elf:3    | Found Dyopamimuo's Distillery.
 44896 | Elf:3    | Bought a potion of heal wounds for 85 gold pieces
 44896 | Elf:3    | Bought a potion of heal wounds for 85 gold pieces
 45872 | Elf:3    | Reached skill level 5 in Shields
 46077 | Elf:3    | Reached skill level 17 in Spellcasting
 46129 | Elf:3    | Cast into level 3 of the Abyss (a deep elf sorcerer)
 46129 | Abyss:3  | Found a corrupted altar of Lugonu.
 46147 | Abyss:3  | Noticed a tentacled starspawn
 46156 | Abyss:3  | Noticed a bone dragon
 46162 | Abyss:3  | Killed a tentacled starspawn
 46162 | Abyss:3  | Offered knowledge of Freezing Cloud by Vehumet.
 46255 | Abyss:3  | Noticed a bone dragon
 46345 | Abyss:3  | Found a corrupted altar of Lugonu.
 46440 | Abyss:3  | Noticed a lich
 46449 | Abyss:3  | Reached skill level 1 in Necromancy
 46454 | Abyss:3  | Killed a lich
 46454 | Abyss:3  | Reached skill level 1 in Charms
 46484 | Abyss:3  | Noticed a lich
 46494 | Abyss:3  | Paralysed by accursed screaming for 2 turns
 46593 | Abyss:3  | Noticed a tentacled starspawn
 46600 | Abyss:3  | Reached XP level 18. HP: 104/108 MP: 26/35
 46736 | Abyss:3  | Noticed a lich
 46739 | Abyss:3  | Killed a lich
 46760 | Elf:3    | Escaped the Abyss
 46769 | Elf:3    | Noticed a deep elf blademaster
 46980 | Elf:3    | Got a scintillating marble ring
 47028 | Elf:3    | Noticed a deep elf master archer
 47032 | Elf:3    | Killed a deep elf master archer
 47066 | Elf:3    | Noticed a deep elf master archer
 47127 | Elf:3    | Killed a deep elf master archer
 47292 | Elf:3    | Noticed a deep elf master archer
 47313 | Elf:3    | Killed a deep elf master archer
 47378 | Elf:2    | Identified the ring "Evuplof" {-Tele rElec rPois rN+ EV+2} (You took it off a deep elf knight on level 3 of the Elven Halls)
 47537 | Elf:3    | Noticed a deep elf master archer
 47552 | Elf:3    | Killed a deep elf master archer
 47552 | Elf:3    | Reached skill level 18 in Spellcasting
 47698 | Elf:3    | Noticed a deep elf blademaster
 47705 | Elf:3    | Killed a deep elf blademaster
 47708 | Elf:3    | Killed a deep elf blademaster
 48200 | Elf:3    | Gained mutation: You occasionally shout uncontrollably at your foes. [a Zot trap]
 48789 | Snake:1  | Entered Level 1 of the Snake Pit
 49234 | Snake:1  | Found an iron altar of Okawaru.
 49964 | Snake:1  | Found Kewk's Antique Armour Shop.
 50294 | Snake:1  | Reached XP level 19. HP: 113/113 MP: 41/41
 50786 | Snake:2  | Reached skill level 19 in Spellcasting
 51011 | Snake:2  | Noticed Aizul
 51016 | Snake:2  | Killed Aizul
 53127 | Snake:3  | Reached ****** piety under Vehumet
 53271 | Snake:3  | Reached skill level 20 in Spellcasting
 54366 | Swamp:1  | Entered Level 1 of the Swamp
 54441 | Swamp:1  | Offered knowledge of Lehudib's Crystal Spear by Vehumet.
 54441 | Swamp:1  | Offered knowledge of Shatter by Vehumet.
 54441 | Swamp:1  | Offered knowledge of Tornado by Vehumet.
 54461 | Lair:4   | Learned a level 8 spell: Lehudib's Crystal Spear
 54471 | Lair:4   | Learned a level 9 spell: Shatter
 54756 | Swamp:1  | Found a white marble altar of Elyvilon.
 55729 | Swamp:2  | Got a pair of ichor-stained gloves
 55733 | Swamp:2  | Identified the cursed +0 pair of gloves of the Sky {rPois rN+ Stlth+} (You found it on level 2 of the Swamp)
 56552 | Swamp:3  | Reached XP level 20. HP: 119/119 MP: 44/44
 56787 | Swamp:3  | Got a polished ring mail
 56798 | Swamp:3  | Identified the +1 ring mail of Plasticity {Str+3} (You found it on level 3 of the Swamp)
 56904 | Swamp:3  | Noticed Bai Suzhen
 56910 | Swamp:3  | Killed Bai Suzhen
 57330 | Swamp:4  | Entered Level 4 of the Swamp
 57343 | Swamp:4  | Got a colourful robe
 57368 | Swamp:3  | Identified the +0 robe "Meif" {+Blink rPois Regen+} (You found it on level 4 of the Swamp)
 57911 | Swamp:4  | Noticed Roxanne
 57921 | Swamp:4  | Killed Roxanne
 57949 | Swamp:4  | Identified Roxanne's Incunabulum of the Mountains (You took it off Roxanne on level 4 of the Swamp)
 58709 | Swamp:4  | Noticed a bone dragon
 58717 | Swamp:4  | Killed a bone dragon
 59004 | Swamp:4  | Got a decaying rune of Zot
 59376 | D:13     | Quit the game

Vault maps used:
D:1:      erik_arrival_gehennom
D:2:      cheibrodos_greedy_goblins, nemelex_diamond_rough_becter
D:3:      first_bread, uniq_jessica
D:4:      nicolae_overflow_hidden_temple, gammafunk_temple_overflow_forgotten,
          uniq_grinder
D:7:      okawaru_metal_pillars_3, nicolae_ru_great_annihilating_truth,
          temple_doors_ab, grunt_ogre_cave
D:8:      minmay_opposing_rooms, lightli_ossuary_entry_decrepit_ruins
D:9:      kennysheep_orc_monster_closet_entryway, hangedman_glass_teeth,
          fedhas_altar_fruit_tree
D:11:     minmay_tile_spiral, minmay_lair_entry_lava, st_stairs_3,
          minmay_misc_feat_tiny
D:12:     kb_xom_exploding_sheep
D:13:     david_vaults_4, serial_shops, shop, nicolae_dithmenos_shadow_blocks
D:14:     hangedman_abyss_or_decor_stagger, minmay_hedge_maze,
          kennysheep_minor_cross
D:15:     gammafunk_depths_entry_grave, minmay_misc_feat_nine_boxes
Temple:   regret_index_temple_sphere_string
Lair:1:   beast_lair_carwin_7
Lair:2:   minmay_lair_oklob_chamber, infiniplex_staircase_pool,
          lemuel_fruit_tree
Lair:3:   dummy_snake_entry, minivault_25, small_statue_intersection,
          grunt_megastairs_1
Lair:4:   nicolae_swamp_entry_splash_gauntlet, serial_bayou_shore_b
Lair:5:   dragon1_lemuel, slime_dummy, special_room, basic_altar,
          lookout_lair_type, grunt_megastairs_3, uniq_kirke
Lair:6:   hangedman_lair_in_review, hangedman_lair_tendril_chambers,
          serial_bayou_shore_b, uniq_josephine
Swamp:1:  basic_altar
Swamp:2:  evilmike_swamp_ruin_house_4
Swamp:3:  evilmike_swamp_ruin_house_5, uniq_bai_suzhen
Swamp:4:  swamp_pestilence, uniq_roxanne
Snake:1:  basic_altar, minmay_shop_star, grunt_megastairs_4
Snake:2:  special_room, spider_trap, uniq_aizul
Snake:3:  serial_bayou_shore_a
Orc:1:    minmay_goldmine
Orc:2:    grunt_orc_gardens, grunt_orc_garden, grunt_orc_garden,
          grunt_orc_garden, grunt_orc_garden, uniq_nessos
Elf:1:    serial_shops, shop_fountains, minivault_28, minivault_16, st_stairs_11
Elf:2:    serial_shops, nicolae_shop_behind_doors, patterned_corridor,
          uniq_asterion
Elf:3:    minmay_elf_hall_quartered_circle, serial_shops, nicolae_shop_crystal,
          grunt_megastairs_2
Abyss:3:  evilmike_abyss_exit_10, nicolae_abyss_rune_left_handed
Ossuary:  ossuary_minmay_chase

Skill      XL: |  1  2  3  4  5  6  7  8  9 10 11 12 13 14 15 16 17 18 19 20 |
---------------+-------------------------------------------------------------+-----
Earth Magic    | 4 5 7 8 10 11 13 14 15 17 19 | 19.1
Spellcasting   | 3 4 5 7 9 10 11 12 14 17 18 20 | 20.0
Conjurations   | 1 4 5 7 8 10 13 | 13.5
Fighting       | 1 9 10 | 10.8
Transmutations | 1 |  1.5
Fire Magic     | 1 4 7 8 |  8.0
Translocations | 2 3 |  3.8
Dodging        | 9 10 | 10.0
Shields        | 4 5 |  5.0
Necromancy     | 2 4 |  4.0
Charms         | 2 4 |  4.0
Stealth        | |  2.1

Action                   |  1- 3 |  4- 6 |  7- 9 | 10-12 | 13-15 | 16-18 | 19-21 || total
-------------------------+-------+-------+-------+-------+-------+-------+-------++-------
Melee: Unarmed           |       |     2 |       |       |       |       |       ||     2
       Flail             |       |       |       |    20 |       |       |       ||    20
 Cast: Sandblast         |    58 |    52 |    16 |    63 |   109 |     8 |       ||   306
       Stone Arrow       |       |    22 |   179 |   254 |   109 |    11 |     1 ||   576
       Lee's Rapid Decon |       |       |     1 |    16 |    41 |   122 |     6 ||   186
       Petrify           |       |       |       |     3 |     5 |       |       ||     8
       Conjure Flame     |       |       |       |     8 |     2 |       |       ||    10
       Iron Shot         |       |       |       |    29 |   289 |   179 |   325 ||   822
       Bolt of Fire      |       |       |       |       |    27 |    58 |    88 ||   173
       Fireball          |       |       |       |       |    25 |    78 |    19 ||   122
       Blink             |       |       |       |       |     4 |     5 |       ||     9
       Regeneration      |       |       |       |       |       |    11 |       ||    11
       Lehudib's Crystal |       |       |       |       |       |       |     3 ||     3
 Abil: Fly               |       |       |       |       |     1 |       |       ||     1
Evoke: Wand              |       |       |       |     2 |     4 |     2 |     4 ||    12
  Use: Scroll            |       |       |     7 |    17 |     6 |    13 |     4 ||    47
       Potion            |       |       |       |       |       |    11 |       ||    11
  Eat: Chunk             |    14 |     6 |    36 |    45 |   115 |    41 |     8 ||   265
       Meat ration       |       |       |       |       |     1 |     1 |     3 ||     5
       Bread ration      |       |       |       |       |       |     1 |       ||     1
       Royal jelly       |       |       |       |       |       |       |     2 ||     2
       Fruit             |       |       |       |       |       |       |     1 ||     1
Armor: Robe              |    15 |    10 |    28 |    14 |     6 |    61 |    70 ||   204
       Troll leather arm |       |       |       |     6 |       |       |       ||     6
       Steam dragon scal |       |       |       |    59 |   151 |       |       ||   210
       Leather armour    |       |       |       |       |       |    31 |       ||    31
Dodge: Dodged            |    25 |    25 |    41 |    64 |   196 |   234 |   122 ||   707
Block: Buckler           |       |       |       |       |       |    38 |    30 ||    68
